 Dungeon Crawl Stone Soup version 0.29-a0-857-g9b1aa3ac5b (webtiles) character file.

Game seed: 1652479518352287210

112 jimonade the Shield-Bearer (level 5, -3/42 HPs)
             Began as a Formicid Fighter on July 16, 2022.
             Slain by an orc
             ... wielding a +2 vampiric hand axe
              (7 damage)
             ... on level 3 of the Dungeon.
             The game lasted 00:03:51 (2611 turns).

jimonade the Shield-Bearer (Formicid Fighter)       Turns: 2611, Time: 00:03:52

Health: -3/42      AC:  8    Str: 23    XL:     5   Next: 16%
Magic:  6/6        EV:  9    Int:  7    God:
Gold:   99         SH:  5    Dex: 13    Spells: 5/5 levels left

rFire   . . .      SeeInvis +   a - +0 quarterstaff
rCold   . . .      Faith    .   c - +0 buckler
rNeg    . . .      Spirit   .   b - +0 scale mail
rPois   .          Reflect  .   (helmet unavailable)
rElec   .          Harm     .   (no cloak)
rCorr   .          Rampage  .   p - +0 pair of gloves
Will    .....                   (no boots)
Stlth   ..........              (no amulet)
HPRegen 0.14/turn               (no ring)
MPRegen 0.10/turn               (no ring)

@: no status effects
A: permanent stasis, dig shafts and tunnels, antennae 3, four strong arms
a: Dig, Shaft Self


You were on level 3 of the Dungeon.
You visited 1 branch of the dungeon, and saw 3 of its levels.

You collected 99 gold pieces.

Inventory:

Hand Weapons
 a - a +0 quarterstaff (weapon)
 r - a +1 war axe of venom
Missiles
 q - 3 poisoned darts
Armour
 b - a +0 scale mail (worn)
 c - a +0 buckler (worn)
 e - a +0 buckler
 p - a +0 pair of gloves (worn)
Wands
 m - a wand of charming (12)
Scrolls
 g - 3 scrolls of identify {unknown}
 j - a scroll of brand weapon {unknown}
 k - 2 scrolls of noise {unknown}
 n - a scroll of magic mapping {unknown}
 o - a scroll of silence {unknown}
 t - a scroll of immolation {unknown}
 x - a scroll of fog {unknown}
Potions
 d - 2 potions of might
 f - a potion of mutation {unknown}
 h - a potion of attraction {unknown}
 i - a potion of brilliance {unknown}
 l - a potion of ambrosia {unknown}
 s - a potion of degeneration {unknown}
 u - a potion of curing
 v - a potion of berserk rage {unknown}
 w - a potion of cancellation {unknown}


   Skills:
 * Level 4.2 Fighting
 + Level 3.0 Staves
 + Level 4.0 Armour
 + Level 0.3 Dodging
 + Level 4.5 Shields
 * Level 0.8 Spellcasting


You had 5 spell levels left.
You didn't know any spells.
Your spell library was empty.

Dungeon Overview and Level Annotations

Branches:
Dungeon (3/15)

Altars:
Elyvilon
Nemelex Xobeh
Wu Jian


Innate Abilities, Weirdness & Mutations

You cannot be hasted, slowed, berserked, paralysed or teleported.
You can dig through walls and to a lower floor.
You have a pair of large antennae on your head. (SInv)
Your four strong arms can wield two-handed weapons with a shield.


Message History

The orc hits you with a +2 vampiric hand axe.
You hit the orc wizard but do no damage.
The orc wizard is moderately wounded.
You block the orc's attack.
The orc wizard gestures at you while chanting.
The puff of flame hits you. The orc misses you.
You hit the orc priest.
The orc priest is lightly wounded.
The orc hits you with a +2 vampiric hand axe.
The orc priest hits you with a +0 dagger.
The orc hits you with a +0 mace. The orc wizard hits you with a +0 club.
You hit the orc priest but do no damage.
The orc priest is lightly wounded.
The orc barely misses you. You block the orc priest's attack.
The orc hits you with a +0 mace. The orc wizard hits you with a +0 club.
You barely miss the orc priest.
The orc priest is lightly wounded.
The orc barely misses you.
The orc priest hits you with a +0 dagger.
The orc wizard barely misses you. The orc barely misses you.
You closely miss the orc priest.
The orc priest is lightly wounded.
The orc priest hits you with a +0 dagger.
* * * LOW HITPOINT WARNING * * *
The orc hits you with a +2 vampiric hand axe.
* * * LOW HITPOINT WARNING * * *
The orc barely misses you.
The orc wizard hits you but does no damage.
The orc priest barely misses you. The orc closely misses you.
The orc misses you. The orc wizard hits you with a +0 club.
* * * LOW HITPOINT WARNING * * *
You hit the orc priest.
The orc priest is heavily wounded.
You block the orc's attack. The orc priest completely misses you.
The orc hits you but does no damage.
The orc wizard hits you but does no damage.
You closely miss the orc priest.
The orc priest is heavily wounded.
The orc hits you with a +2 vampiric hand axe!
You die...

#.# #.##.#.## #.#
#.......# #.# ##.....#.#
#.### ##..###...#
##...###..##.##..##
..####..).##..##^..##..#
..'..........##.._..##..
..####ooo...##......^##.
#o@#..##^^...^...##
#.##..#...#####...# #.
#..##^'#.#.#'.## #.
#...###..#..###. #.
#.#.....###.....
#......###.....#..#
####.### #.##.##..#
#.##...... #.#####..#


You could see an orc priest, an orc wizard and 2 orcs.

Vanquished Creatures
  6 adders
  3 worms
  4 orcs (D:3)
  2 endoplasms (D:1)
  4 giant cockroaches
  6 goblins
  3 hobgoblins
  4 jackals
  A quokka (D:1)
  A ball python (D:2)
  4 bats
  6 frilled lizards
  2 kobolds (D:2)
  2 rats
48 creatures vanquished.

Vanquished Creatures (others)
  9 plants (D:1)
9 creatures vanquished.

Grand Total: 57 creatures vanquished

Notes
Turn   | Place    | Note
-------+----------+-------------------------------------------
     0 | D:1      | jimonade the Formicid Fighter began the quest for the Orb.
     0 | D:1      | Reached XP level 1. HP: 18/18 MP: 1/1
   438 | D:1      | Reached XP level 2. HP: 24/24 MP: 2/2
   829 | D:1      | Found a faded altar of an unknown god.
  1300 | D:2      | Reached XP level 3. HP: 30/30 MP: 3/3
  1438 | D:2      | Found a white marble altar of Elyvilon.
  1487 | D:2      | Reached XP level 4. HP: 37/37 MP: 4/4
  2135 | D:3      | Found an ornate altar of the Wu Jian Council.
  2277 | D:3      | Reached XP level 5. HP: 36/42 MP: 6/6
  2535 | D:3      | Found a sparkling altar of Nemelex Xobeh.
  2611 | D:3      | Slain by an orc

Illustrated notes

Levels and vault maps discovered:
D:1:      lightli_arrival_statue_moat, layout_basic,
          shapermc_ecumenical_altar_pompeii, kennysheep_boxes
D:2:      wad_river_or_something, layout_basic, basic_altar,
          minmay_misc_feat_encased, minmay_misc_feat_tower
D:3:      layout_loops_corners, general_overflow_altar,
          nemelex_spade_bored_becter

Skill      XL: |  1  2  3  4  5 |
---------------+----------------+-----
Fighting       | 4 |  4.2
Staves         | 3 |  3.0
Armour         | 4 |  4.0
Dodging        | |  0.3
Shields        | |  4.5
Spellcasting   | |  0.8

Action                   |  1- 3 |  4- 6 || total
-------------------------+-------+-------++-------
Melee: Quarterstaff      |    94 |    70 ||   164
Armor: Scale mail        |    44 |    26 ||    70
Dodge: Dodged            |    41 |    33 ||    74
Block: Buckler           |    15 |    17 ||    32

Table legend: (Time is in decaauts)
 A = Elapsed time spent in this place.
 B = Non-inter-level travel time spent in this place.
 C = Inter-level travel time spent in this place.
 D = Time resting spent in this place.
 E = Time spent auto-exploring this place.
 F = Levels seen in this place.
 G = Mean time per level.
                   A        B        C        D        E       F      G
               +--------+--------+--------+--------+--------+-----+--------+
         Total |   2649 |   2548 |    101 |     54 |   1948 |   3 |  883.0 |
       Dungeon |   2649 |   2548 |    101 |     54 |   1948 |   3 |  883.0 |
               +--------+--------+--------+--------+--------+-----+--------+

Top non-repeatable levels by time:
     D:1: 1178 daAuts
     D:3: 742 daAuts
     D:2: 729 daAuts
